 Dungeon Crawl Stone Soup version 0.18.1-50-g88ac8fd (webtiles) character file.

198 Firecrotchwizard the Skirmisher (level 5, 0/48 HPs)
             Began as a Minotaur Fighter on Nov 2, 2016.
             Slain by aaauser's ghost (1 damage)
             ... on level 4 of the Dungeon.
             The game lasted 00:07:05 (2869 turns).

Firecrotchwizard the Skirmisher (Minotaur Fighter)  Turns: 2869, Time: 00:07:05

Health: 0/48       AC:  6    Str: 21    XL:     5   Next: 47%
Magic:  4/4        EV:  8    Int:  5    God:
Gold:   123        SH: 11    Dex: 10    Spells: 0 memorised, 4 levels left

rFire  . . .     SeeInvis .     q - +1 whip (venom)
rCold  . . .     Gourm    .     b - +0 scale mail
rNeg   . . .     Faith    .     x - +2 shield
rPois  .         Spirit   .     (helmet restricted)
rElec  .         Dismiss  .     (no cloak)
rCorr  .         Reflect  .     l - -2 pair of gloves (curse)
SustAt .         Harm     .     (no boots)
MR     .....                    (no amulet)
Stlth  ..........               (no ring)
                                (no ring)

@: not resistant to hostile enchantments, extremely unstealthy
A: retaliatory headbutt, horns 2
a: no special abilities


You were on level 4 of the Dungeon.
You were hungry.

You visited 1 branch of the dungeon, and saw 4 of its levels.

You collected 123 gold pieces.

Inventory:

Hand Weapons
 a - a +0 flail
 q - a +1 whip of venom (weapon)
Armour
 b - a +0 scale mail (worn)
 c - a +0 shield
 l - a cursed -2 pair of gloves (worn)
 x - a +2 shield (worn)
Scrolls
 e - 3 scrolls of teleportation
 g - a scroll of fear {unknown}
 h - 2 scrolls of identify
 i - a scroll of remove curse {unknown}
 j - a scroll of amnesia {unknown}
 p - a scroll of magic mapping {unknown}
 r - a scroll of immolation {unknown}
 s - a scroll of blinking {unknown}
 u - a scroll of noise {unknown}
 w - a scroll of recharging {unknown}
Potions
 d - a potion of might
 n - a potion of lignification {unknown}
 o - a potion of curing {unknown}
 t - a potion of mutation {unknown}
 v - a potion of agility {unknown}
Comestibles
 f - a bread ration
 k - a beef jerky
 m - 2 meat rations


   Skills:
 * Level 5.1 Fighting
 * Level 3.7 Maces & Flails
 + Level 4.6 Armour
 + Level 1.9 Dodging
 + Level 4.5 Shields


You had 4 spell levels left.
You didn't know any spells.

Dungeon Overview and Level Annotations

Branches:
Dungeon (4/15)
 Temple: D:4-7

Altars:
Dithmenos
Elyvilon

Annotations:
D:4 aaauser's ghost, amateur DsBe


Innate Abilities, Weirdness & Mutations

You reflexively headbutt those who attack you in melee.
You have a pair of horns on your head.


Message History

Aaauser's ghost is severely damaged.
Aaauser's ghost hits you!
* * * LOW HITPOINT WARNING * * *
You hit aaauser's ghost but do no damage.
Aaauser's ghost is severely damaged.
Aaauser's ghost completely misses you.
You hit aaauser's ghost but do no damage.
Aaauser's ghost is severely damaged.
You block aaauser's ghost's attack.
You barely miss aaauser's ghost.
Aaauser's ghost is severely damaged.
Aaauser's ghost hits you.
* * * LOW HITPOINT WARNING * * *
You hit aaauser's ghost but do no damage.
Aaauser's ghost is severely damaged.
You block aaauser's ghost's attack.
You barely miss aaauser's ghost.
Aaauser's ghost is severely damaged.
Aaauser's ghost hits you.
You die...

...........#####.#
##.........[†....#
#..............#######
....###....#....# ...
##..#....<(# #
#....##....# ##
#.##.......# ...
#.#####....# ##.W ##@#
#....# .o.>. #.W#
#....#
#....#########.##
######
#.........W....#
#....########### ##..
... ###


You could see aaauser's ghost.

Vanquished Creatures
  A giant frog zombie (D:4)
  3 adders
  4 gnolls (D:3)
  An ooze (D:1)
  A worm (D:3)
  11 dart slugs
  4 giant geckos
  An orc (D:3)
  A ball python (D:4)
  A giant cockroach (D:2)
  5 goblins
  5 hobgoblins
  9 jackals
  9 kobolds
  7 bats
  2 giant newts
  5 rats
70 creatures vanquished.

Notes
Turn   | Place    | Note
--------------------------------------------------------------
     0 | D:1      | Firecrotchwizard the Minotaur Fighter began the quest for the Orb.
     0 | D:1      | Reached XP level 1. HP: 19/19 MP: 0/0
   111 | D:1      | Reached XP level 2. HP: 27/27 MP: 1/1
   345 | D:1      | Reached skill level 4 in Fighting
   704 | D:2      | Found a white marble altar of Elyvilon.
   803 | D:2      | Reached XP level 3. HP: 32/33 MP: 2/2
   804 | D:2      | Found a shadowy altar of Dithmenos.
  1506 | D:3      | Reached skill level 1 in Dodging
  1605 | D:3      | Reached XP level 4. HP: 41/41 MP: 3/3
  2097 | D:3      | Found a faded altar to an unknown god.
  2365 | D:3      | Reached skill level 5 in Fighting
  2365 | D:3      | Reached XP level 5. HP: 34/48 MP: 4/4
  2823 | D:4      | Noticed aaauser's ghost (amateur DsBe)
  2867 | D:4      | HP: 1/48 [aaauser's ghost (3)]
  2869 | D:4      | Slain by aaauser's ghost

Skill      XL: |  1  2  3  4 |
---------------+-------------+-----
Armour         | 4 |  4.6
Fighting       | 4 5 |  5.1
Shields        | 4 |  4.5
Dodging        | 1 |  1.9
Maces & Flails | 3 |  3.7

Action                   |  1- 3 |  4- 6 || total
-------------------------+-------+-------++-------
Melee: Flail             |    91 |    89 ||   180
       Headbutt          |    13 |    28 ||    41
       Whip              |       |    32 ||    32
  Use: Scroll            |       |     3 ||     3
  Eat: Chunk             |     2 |     4 ||     6
Armor: Scale mail        |    45 |    42 ||    87
Dodge: Dodged            |    27 |    37 ||    64
Block: Shield            |    50 |    73 ||   123
